 Dungeon Crawl Stone Soup version 0.23.2-1-ga50397a (webtiles) character file.

Game seed: 12818914573799515825

148395 tifemel the Severer (level 16, 0/243 HPs)
             Began as a Minotaur Berserker on Apr 17, 2019.
             Was the Champion of Trog.
             Slain by a golden dragon simulacrum (23 damage)
             ... in an ice cave.
             The game lasted 01:48:57 (38757 turns).

tifemel the Severer (Minotaur Berserker)           Turns: 38757, Time: 01:48:58

Health: 0/243      AC: 19    Str: 37    XL:     16   Next: 94%
Magic:  0/33       EV: 11    Int:  8    God:    Trog [******]
Gold:   1831       SH:  0    Dex: 13    Spells: 15/15 levels left

rFire    . . .     SeeInvis +   B - +6 executioner's axe (chop)
rCold    . . .     Gourm    .   (shield currently unavailable)
rNeg     . . .     Faith    +   v - +1 chain mail of Itoafet {MP+9 Int+3}
rPois    +         Spirit   +   (helmet restricted)
rElec    .         Reflect  .   U - scarf {Spirit}
rCorr    .         Harm     .   z - +0 pair of gloves {Dex+3}
MR       +....                  O - +2 pair of boots of the Assassin {Detection Stab+ Stlth++}
Stlth    ..........             k - amulet "Jejegeaq" {Faith Str+4}
HPRegen  0.50/turn              M - ring of see invisible
MPRegen  0.23/turn              G - ring of poison resistance

@: berserking, very quick
A: retaliatory headbutt, horns 2
a: Berserk, Trog's Hand, Brothers in Arms, Renounce Religion


You were in an ice cave.
You worshipped Trog.
Trog was exalted by your worship.
You were very hungry.

You visited 4 branches of the dungeon, and saw 27 of its levels.
You also visited: Sewer and Ice Cave.

You collected 2717 gold pieces.
You spent 886 gold pieces at shops.

Inventory:

Hand Weapons
 u - a +8 dire flail
 A - a +2 antimagic executioner's axe
 B - a +6 executioner's axe of chopping (weapon)
 C - the +0 battleaxe of Sudden Death {chop, +Blink rPois rF- rN+}
   (Trog gifted it to you on level 5 of the Lair of Beasts)

   It inflicts extra damage upon your enemies.
   It makes you vulnerable to fire.
   It protects you from poison.
   It protects you from negative energy.
   It lets you blink.
 T - a +2 battleaxe of electrocution
Armour
 t - a +0 plate armour
 v - the +1 chain mail of Itoafet (worn) {MP+9 Int+3}
   (You found it on level 4 of the Dungeon)

   It affects your intelligence (+3).
   It affects your magic capacity (+9).
 z - a +0 pair of gloves of dexterity (worn)
 O - the +2 pair of boots of the Assassin (worn) {Detection Stab+ Stlth++}
   (You acquired it on level 5 of the Lair of Beasts)

   It makes you much more stealthy.
 P - a +0 shield of protection
 U - a scarf of spirit shield (worn)
Jewellery
 k - the amulet "Jejegeaq" (around neck) {Faith Str+4}
   (You found it on level 5 of the Dungeon)

   [amulet of faith]

   It allows you to gain divine favour quickly.
   It affects your strength (+4).
 q - an uncursed ring of resist corrosion
 G - a ring of poison resistance (right hand)
 M - a ring of see invisible (left hand)
 N - an uncursed ring of protection from fire
 R - an uncursed ring of protection from fire
 S - an uncursed amulet of rage
Wands
 w - a wand of digging (11)
 x - a wand of paralysis (22)
 D - a wand of acid (12)
 F - a wand of disintegration (22)
 Q - a wand of flame (39)
Scrolls
 a - 7 scrolls of magic mapping
 e - 6 scrolls of fear
 f - 4 scrolls of blinking
 g - 5 scrolls of immolation
 h - 16 scrolls of teleportation
 i - 3 scrolls of random uselessness
 m - 10 scrolls of remove curse
 p - 4 scrolls of enchant weapon
 s - 3 scrolls of enchant armour
 y - 5 scrolls of fog
 E - a scroll of holy word
 J - a scroll of summoning
 K - a scroll of torment
 L - 4 scrolls of identify
Potions
 b - 6 potions of brilliance
 d - 3 potions of curing
 j - 4 potions of haste
 l - 3 potions of magic
 n - 4 potions of flight
 o - 8 potions of mutation
 r - 3 potions of invisibility
 H - 4 potions of ambrosia
 I - 3 potions of cancellation
 V - 2 potions of lignification
 Y - 2 potions of berserk rage
Comestibles
 c - 24 rations


   Skills:
 + Level 19.9 Fighting
 + Level 20.0 Axes
 + Level 15.1 Armour
 - Level 2.1 Dodging
 - Level 12.0 Evocations


You had 15 spell levels left.
You didn't know any spells.
Your spell library was empty.

Dungeon Overview and Level Annotations

Branches:
Dungeon (15/15)            Temple (0/1) D:7            Lair (6/6) D:10
 Shoals (0/4) Lair:4        Snake (4/4) Lair:4        Slime (0/5) Lair:5
    Orc (2/2) D:9             Elf (0/3) Orc:2        Vaults (0/5) D:13
 Depths (0/5) D:15

Altars:
Cheibriados
Dithmenos
Gozag
Kikubaaqudgha
Makhleb
Nemelex Xobeh
Wu Jian
Xom
Yredelemnul
Zin
The Shining One

Shops:
D:7 *   D:8 !   D:10 %   D:11 (   D:15 *   Orc:2 (}(([[   Snake:3 ?

Annotations:
D:9 exclusion: orange crystal statue


Innate Abilities, Weirdness & Mutations

You reflexively headbutt those who attack you in melee.
You have a pair of horns on your head.


Message History

Trog accepts your kill.
You slice the golden dragon simulacrum!!
The golden dragon simulacrum is severely damaged.
You hear a shout!
The golden dragon simulacrum bites you!
The golden dragon simulacrum freezes you!!!
The golden dragon simulacrum claws you!
The golden dragon simulacrum freezes you!!
* * * LOW HITPOINT WARNING * * *
The golden dragon simulacrum tramples you.
* * * LOW HITPOINT WARNING * * *
The golden dragon simulacrum freezes you!!
* * * LOW HITPOINT WARNING * * *
A red film seems to cover your vision as you go berserk!
You feel yourself moving faster!
You feel mighty!
You are feeling very hungry.
The golden dragon simulacrum bites you!
* * * LOW HITPOINT WARNING * * *
The golden dragon simulacrum freezes you!!
You die...

≈# ##...### ≈#
###..# ≈# ###..##
≈# { {{ # ##...##
≈# { {.# ##.#.##
≈###{.####....#
###...###.###...#
#..Z## #.###...##
##..@####.#...##
###...##...###
###....### ###
###### ##..
######..#
####.....###
####....#######
##....########..
#...#######....#


You could see a golden dragon simulacrum.

Vanquished Creatures
  Jorgrun (D:13)
  Kirke (Snake:3)
  2 nagarajas (Snake:2)
  Aizul (Snake:3)
  A frost giant (D:14)
  Josephine (D:11)
  Snorg (Orc:2)
  A fire dragon (Lair:6)
  A yaktaur captain (D:15)
  Erolcha (D:13)
  6 naga warriors
  4 hydras
  A vault guard (D:13)
  7 anacondas
  6 centaur warriors
  27 two-headed ogres
  2 death knights
  6 ogre magi
  3 tengu warriors (D:15)
  4 shock serpents
  A death yak (Lair:5)
  Urug (Orc:2)
  An orc high priest (Orc:1)
  7 naga sharpshooters
  2 slime creatures (D:14)
  A deep troll (D:15)
  A salamander mystic (Snake:2)
  2 unseen horrors
  4 naga ritualists
  A swamp dragon (Lair:6)
  2 orc knights
  8 mana vipers
  10 ugly things
  2 oklob plants (Lair:1)
  2 deep elf magi
  2 wolf spiders (Lair:6)
  3 salamanders
  9 elephants
  4 cyclopes
  7 manticores
  4 guardian serpents
  2 torpor snails
  Psyche (D:11)
  4 naga magi
  A gargoyle (D:10)
  25 black mambas
  5 rime drakes
  12 spiny frogs
  4 komodo dragons
  5 freezing wraiths
  11 trolls
  An ice devil (IceCv)
  2 tengu conjurers
  3 hornets
  2 polar bears
  A hornet (shapeshifter) (D:14)
  Grinder (D:5)
  13 hippogriffs
  12 blink frogs
  5 redbacks (Lair:6)
  2 spriggans (Lair:4)
  3 shadows
  A vampire (D:14)
  34 yaks
  8 wyverns
  2 hogs (Snake:2)
  4 basilisks
  4 wraiths
  10 humans (D:13)
  A steam dragon (Lair:3)
  3 vampire mosquitoes (D:13)
  4 hungry ghosts
  3 death yak simulacra (IceCv)
  A warg (Orc:2)
  24 nagas
  2 acid dragons (Lair:6)
  26 water moccasins
  5 porcupines
  2 swamp drakes (Lair:6)
  3 black bears
  4 ice beasts
  20 orc warriors
  3 sky beasts
  The ghost of Tramtrist the Shield-Bearer, an amateur DDFi (D:4)
  An ettin simulacrum (IceCv)
  3 phantoms
  35 ogres
  19 wolves
  17 centaurs
  15 crocodiles
  3 big kobolds
  Blork the orc (D:4)
  15 bullfrogs
  A wyvern skeleton (D:12)
  5 scorpions
  11 killer bees
  2 howler monkeys (D:4)
  An electric eel (D:9)
  4 crimson imps
  2 centaur zombies
  2 draconian simulacra (IceCv)
  2 hounds (D:5)
  2 quasits
  16 orc priests
  8 jellies
  21 orc wizards
  4 centaur skeletons
  Jessica (D:2)
  6 iguanas
  5 hell rats (Lair:4)
  10 worker ants
  A centaur simulacrum (IceCv)
  A worker ant zombie (D:6)
  3 gnolls (D:8)
  2 naga simulacra (IceCv)
  16 adders
  2 river rats (D:3)
  2 shadow imps
  5 white imps (IceCv)
  4 oozes
  3 worms (D:3)
  4 dart slugs
  6 leopard geckos
  75 orcs
  2 ball pythons
  16 bats
  7 giant cockroaches
  11 goblins
  11 hobgoblins
  9 jackals
  19 kobolds
  4 quokkas
  8 frilled lizards
  2 quokka skeletons
  A quokka zombie (D:6)
  4 rats
  18 plants
879 creatures vanquished.

Vanquished Creatures (collateral kills)
  A nagaraja (Snake:4)
  A naga warrior (Snake:4)
  2 naga sharpshooters (Snake:3)
  A slime creature (D:14)
  A hippogriff (D:14)
  A basilisk (D:14)
  5 nagas
12 creatures vanquished.

Vanquished Creatures (others)
  A human (D:13)
  A naga (Snake:3)
  2 orcs
  20 fungi
  29 plants
53 creatures vanquished.

Grand Total: 944 creatures vanquished

Notes
Turn   | Place    | Note
-------+----------+-------------------------------------------
     0 | D:1      | tifemel the Minotaur Berserker began the quest for the Orb.
     0 | D:1      | Reached XP level 1. HP: 19/19 MP: 0/0
   260 | D:1      | Reached XP level 2. HP: 27/27 MP: 1/1
   446 | D:1      | Reached skill level 4 in Axes
   861 | D:2      | Reached XP level 3. HP: 27/33 MP: 2/2
   895 | D:2      | Reached ** piety under Trog
  1174 | D:2      | Reached XP level 4. HP: 41/41 MP: 3/3
  1200 | D:2      | Noticed Jessica
  1216 | D:2      | Killed Jessica
  1538 | D:3      | Found an opulent altar of Gozag.
  1560 | D:3      | Reached skill level 5 in Fighting
  1571 | D:3      | Reached skill level 5 in Axes
  1571 | D:3      | Reached XP level 5. HP: 37/48 MP: 4/4
  1665 | D:3      | Found a glowing drain.
  1737 | Sewer    | Entered a sewer
  1946 | Sewer    | Reached *** piety under Trog
  2314 | D:3      | Reached XP level 6. HP: 54/56 MP: 5/5
  2568 | D:3      | Found an ancient bone altar of Kikubaaqudgha.
  2688 | D:4      | Noticed Blork the orc
  2697 | D:4      | Killed Blork the orc
  2697 | D:4      | Reached skill level 5 in Armour
  2763 | D:4      | Found a transporter.
  2763 | D:4      | Found a transporter.
  2763 | D:4      | Noticed Tramtrist's ghost (amateur DDFi)
  2857 | D:4      | Found a shimmering altar of Xom.
  2859 | D:4      | Found a shimmering altar of Xom.
  2875 | D:4      | Reached skill level 6 in Axes
  3099 | D:4      | Reached XP level 7. HP: 38/63 MP: 6/6
  4086 | D:4      | Got a fine chain mail
  4097 | D:4      | Identified the cursed +1 chain mail of Itoafet {MP+9 Int+3}
                  | (You found it on level 4 of the Dungeon)
  4271 | D:4      | Reached skill level 7 in Axes
  4273 | D:4      | Killed Tramtrist's ghost
  4273 | D:4      | Reached **** piety under Trog
  4428 | D:5      | Entered Level 5 of the Dungeon
  4431 | D:5      | Noticed Grinder
  4443 | D:5      | Reached XP level 8. HP: 65/73 MP: 7/7
  4448 | D:5      | Killed Grinder
  4623 | D:5      | Got a crude platinum amulet
  4743 | D:5      | Found a snail-covered altar of Cheibriados.
  4924 | D:5      | Found a shadowy altar of Dithmenos.
  5211 | D:5      | Found a glowing silver altar of Zin.
  5211 | D:5      | Noticed an angel
  5459 | D:6      | Reached skill level 8 in Axes
  6496 | D:6      | Reached XP level 9. HP: 72/82 MP: 8/8
  6499 | D:6      | Reached skill level 9 in Axes
  6884 | D:7      | Identified the amulet "Jejegeaq" {Faith Str+4} (You found
                  | it on level 5 of the Dungeon)
  7111 | D:7      | Found a basalt altar of Yredelemnul.
  7163 | D:7      | Found Egesaloxt's General Store.
  7356 | D:7      | Found a staircase to the Ecumenical Temple.
  7532 | D:7      | Found a sparkling altar of Nemelex Xobeh.
  7590 | D:8      | Noticed a two-headed ogre
  7602 | D:8      | Killed a two-headed ogre
  7602 | D:8      | Reached skill level 10 in Fighting
  7602 | D:8      | Reached skill level 10 in Axes
  7658 | D:8      | Reached skill level 10 in Armour
  7676 | D:8      | Found Uthessin's Distillery.
  7718 | D:8      | Bought a potion of heal wounds for 65 gold pieces
  7718 | D:8      | Bought a potion of haste for 130 gold pieces
  7718 | D:8      | Bought a potion of curing for 39 gold pieces
  7811 | D:8      | Reached skill level 1 in Evocations
  7980 | D:8      | Reached ***** piety under Trog
  7985 | D:8      | Reached XP level 10. HP: 49/94 MP: 10/10
  8203 | D:8      | Noticed a two-headed ogre
  8207 | D:8      | Killed a two-headed ogre
  8911 | D:9      | Found a staircase to the Orcish Mines.
  9236 | D:9      | Noticed an orange crystal statue
  9246 | D:9      | Noticed a two-headed ogre
  9567 | D:9      | Reached skill level 11 in Axes
 10238 | D:9      | Found an ornate altar of the Wu Jian Council.
 10505 | D:9      | Found a glowing golden altar of the Shining One.
 11133 | D:10     | Entered Level 10 of the Dungeon
 11212 | D:10     | Noticed a gargoyle
 11220 | D:10     | Killed a gargoyle
 11426 | D:10     | Noticed a guardian serpent
 11437 | D:10     | Killed a guardian serpent
 11763 | D:10     | Found Inainowo's Food Shop.
 11819 | D:10     | Found a staircase to the Lair.
 11911 | D:10     | Received a gift from Trog
 12171 | Lair:1   | Entered Level 1 of the Lair of Beasts
 12171 | Lair:1   | Noticed an oklob plant
 12179 | Lair:1   | Killed an oklob plant
 12179 | Lair:1   | Noticed a spiny frog
 12181 | Lair:1   | Noticed a black mamba
 12184 | Lair:1   | Killed a spiny frog
 12188 | Lair:1   | Killed a black mamba
 12243 | Lair:1   | Reached skill level 12 in Axes
 12245 | Lair:1   | Reached XP level 11. HP: 75/104 MP: 13/13
 12250 | Lair:1   | Reached skill level 5 in Evocations
 12530 | Lair:1   | Noticed a six-headed hydra
 12538 | Lair:1   | Killed a six-headed hydra
 12847 | Lair:1   | Noticed an eight-headed hydra
 12858 | Lair:1   | Killed an eight-headed hydra
 13207 | Lair:1   | Noticed an oklob plant
 13230 | Lair:1   | Killed an oklob plant
 14312 | Lair:2   | Reached skill level 13 in Axes
 15416 | Lair:3   | Reached XP level 12. HP: 90/115 MP: 16/16
 15866 | Lair:3   | Identified 2 scrolls of acquirement
 15875 | Lair:3   | Got a pair of bloodstained gloves
 15886 | Lair:3   | Identified the +2 pair of gloves "Boysacy" {*Slow rN+++
                  | Int-4 Slay+2} (You acquired it on level 3 of the Lair of
                  | Beasts)
 16015 | Lair:4   | Found a staircase to the Shoals.
 16170 | Lair:4   | Received a gift from Trog
 16274 | Lair:4   | Found a staircase to the Snake Pit.
 16384 | Lair:4   | Reached skill level 14 in Axes
 17647 | Lair:5   | Noticed a death yak
 17654 | Lair:5   | Killed a death yak
 17925 | Lair:5   | Found a staircase to the Slime Pits.
 18496 | Lair:5   | Found the +2 pair of boots of the Assassin {Detection Stab+
                  | Stlth++}
 18593 | Lair:5   | Reached skill level 15 in Fighting
 18593 | Lair:5   | Reached skill level 15 in Axes
 18603 | Lair:5   | Received a gift from Trog
 18617 | Lair:5   | Got an ancient battleaxe {god gift}
 18727 | Lair:5   | Identified the +0 battleaxe of Sudden Death {chop, +Blink
                  | rPois rF- rN+} (Trog gifted it to you on level 5 of the
                  | Lair of Beasts)
 18985 | Lair:6   | Entered Level 6 of the Lair of Beasts
 19173 | Lair:6   | Reached XP level 13. HP: 83/127 MP: 16/18
 20276 | Lair:6   | Received a gift from Trog
 20475 | Lair:6   | Reached skill level 16 in Axes
 21341 | Lair:6   | Noticed a fire dragon
 21345 | Lair:6   | Reached skill level 10 in Evocations
 21354 | Lair:6   | Killed a fire dragon
 21933 | D:11     | Noticed Josephine
 21944 | D:11     | Killed Josephine
 22137 | D:11     | Noticed Psyche
 22138 | D:11     | Killed Psyche
 22223 | D:11     | Found Qenu's Antique Weapon Boutique.
 22244 | D:11     | Reached ****** piety under Trog
 22303 | D:11     | Reached XP level 14. HP: 136/138 MP: 20/20
 23194 | D:13     | Noticed Jorgrun
 23600 | D:13     | Killed Jorgrun
 23600 | D:13     | Reached skill level 17 in Axes
 23875 | D:13     | Received a gift from Trog
 24907 | D:13     | Noticed Erolcha
 24912 | D:13     | Killed Erolcha
 25155 | D:13     | Found a gate to the Vaults.
 25262 | D:14     | Received a gift from Trog
 25280 | D:14     | Noticed a frost giant
 25291 | D:14     | Killed a frost giant
 26435 | D:15     | Entered Level 15 of the Dungeon
 26761 | D:15     | Reached XP level 15. HP: 148/148 MP: 22/22
 27343 | D:15     | Found a staircase to the Depths.
 27371 | D:15     | Received a gift from Trog
 27486 | D:15     | Found Efidim's Changing Room.
 27534 | D:15     | Reached skill level 18 in Axes
 28258 | Orc:1    | Entered Level 1 of the Orcish Mines
 29915 | Orc:2    | Entered Level 2 of the Orcish Mines
 29932 | Orc:2    | Received a gift from Trog
 29944 | Orc:2    | Noticed Snorg
 29950 | Orc:2    | Killed Snorg
 30006 | Orc:2    | Found Methuqor's Weapon Shoppe.
 30139 | Orc:2    | Noticed Urug
 30157 | Orc:2    | Killed Urug
 30391 | Orc:2    | HP: 6/225 [ogre mage/+0 halberd (9)]
 30396 | Orc:2    | HP: 6/225 [poisoned by an ogre mage (bolt of poison)]
 30401 | Orc:2    | HP: 4/150 [poisoned by an ogre mage (bolt of poison)]
 30409 | Orc:2    | HP: 4/150 [poisoned by an ogre mage (bolt of poison)]
 30840 | Orc:2    | Found Lefoh's Gadget Shop.
 31375 | Orc:2    | Found Xiecerus's Weapon Emporium.
 31375 | Orc:2    | Found Wiomp's Antique Armour Shop.
 31376 | Orc:2    | Found Tosenete's Antique Weapon Boutique.
 31376 | Orc:2    | Found Nenkycox's Antique Armour Emporium.
 31388 | Orc:2    | Bought a pair of slimy boots for 285 gold pieces
 31388 | Orc:2    | Bought a faintly glowing cloak for 285 gold pieces
 31403 | Orc:2    | Identified the cursed -2 pair of boots of Gallantry {rC+
                  | Str+3 Dex-4} (You bought it in a shop on level 2 of the
                  | Orcish Mines)
 31413 | Orc:2    | Identified the cursed -4 cloak "Erghom" {Regen+ Dex+9} (You
                  | bought it in a shop on level 2 of the Orcish Mines)
 31508 | Orc:2    | Found Masazywn's Gadget Shoppe.
 31513 | Orc:2    | Found a staircase to the Elven Halls.
 31988 | Snake:1  | Entered Level 1 of the Snake Pit
 31995 | Lair:4   | Reached XP level 16. HP: 146/159 MP: 14/24
 32407 | Snake:1  | Received a gift from Trog
 32952 | Snake:1  | Reached skill level 19 in Axes
 35116 | Snake:2  | Found a burning altar of Makhleb.
 35142 | Snake:2  | You fall through a shaft!
 35143 | Snake:3  | Noticed Kirke
 36849 | Snake:3  | Killed Kirke
 36990 | Snake:3  | Found Irepsiym's Magic Scroll Emporium.
 36996 | Snake:3  | Noticed Aizul
 37004 | Snake:3  | HP: 5/162 [shock serpent/electric aura (5)]
 37012 | Snake:3  | Killed Aizul
 37236 | Snake:3  | Bought a scroll of enchant weapon for 82 gold pieces
 37747 | Snake:4  | Entered Level 4 of the Snake Pit
 37757 | Snake:4  | Received a gift from Trog
 38048 | Snake:4  | Reached skill level 15 in Armour
 38238 | Snake:4  | Found a frozen archway.
 38244 | IceCv    | Entered an ice cave
 38702 | IceCv    | Reached skill level 20 in Axes
 38757 | IceCv    | Slain by a golden dragon simulacrum

Skill      XL: |  1  2  3  4  5  6  7  8  9 10 11 12 13 14 15 16 |
---------------+-------------------------------------------------+-----
Fighting       | 4 5 6 7 8 10 12 13 15 16 17 18 19 | 19.9
Axes           | 4 5 6 7 8 10 12 13 15 16 17 18 20 | 20.0
Armour         | 3 4 5 6 8 10 11 13 15 | 15.1
Evocations     | 1 4 7 8 10 11 12 | 12.0
Dodging        | |  2.1

Action                   |  1- 3 |  4- 6 |  7- 9 | 10-12 | 13-15 | 16-18 || total
-------------------------+-------+-------+-------+-------+-------+-------++-------
Melee: Hand axe          |    51 |   168 |    20 |       |       |       ||   239
       Headbutt          |    13 |    25 |    37 |    80 |   209 |    70 ||   434
       War axe           |       |       |   210 |    86 |       |       ||   296
       Battleaxe         |       |       |       |    51 |       |       ||    51
       Executioner's axe |       |       |       |   256 |   765 |   274 ||  1295
       Dire flail        |       |       |       |     9 |    12 |       ||    21
Invok: Berserk           |     1 |     3 |     3 |     2 |     6 |     4 ||    19
       Trog's Hand       |       |       |       |       |     3 |     6 ||     9
       Brothers in Arms  |       |       |       |       |     1 |     3 ||     4
 Abil: Evoke Blink       |       |       |       |     1 |       |       ||     1
Evoke: Wand              |       |       |       |     4 |     7 |       ||    11
  Use: Scroll            |       |       |    11 |    13 |    12 |     3 ||    39
       Potion            |       |       |       |       |     4 |     3 ||     7
  Eat: Chunk             |     1 |    10 |    15 |    17 |    32 |     6 ||    81
       Ration            |       |       |     2 |     6 |     5 |     7 ||    20
Armor: Animal skin       |    13 |       |       |       |       |       ||    13
       Ring mail         |       |    70 |     7 |       |       |       ||    77
       Chain mail        |       |       |   132 |   323 |   482 |   184 ||  1121
Dodge: Dodged            |    52 |   124 |   134 |   304 |   412 |   132 ||  1158
